 Dungeon Sprint DCSS version 0.27-a0-765-ge4d627daa3 (webtiles) character file.

Game seed: 5729598449665121756

28338 mhtbhm the Bludgeoner (level 13, -1/146 HPs)
             Began as a Troll Fighter on Mar 24, 2021.
             Was the Champion of Okawaru.
             Slain by a merfolk impaler
             ... wielding a +2 vorpal trident
              (10 damage)
             ... in the Dungeon (Sprint IX: "|||||||||||||||||||||||||||||") on Mar 25, 2021.
             The game lasted 00:15:02 (4793 turns).

mhtbhm the Bludgeoner (Troll Fighter)               Turns: 4793, Time: 00:15:03

Health: -1/146     AC: 15    Str: 31    XL:     13   Next: 9%
Magic:  12/12      EV: 13    Int:  4    God:    Okawaru [******]
Gold:   218        SH: 13    Dex:  9    Spells: 12/12 levels left

rFire    + . .     SeeInvis +   a - +2 morningstar (vorpal)
rCold    . . .     Faith    .   c - +0 kite shield
rNeg     . . .     Spirit   .   b - +0 swamp dragon scales
rPois    +         Reflect  .   B - +0 hat {SInv}
rElec    .         Harm     .   y - +2 cloak {rCorr}
rCorr    +         Rampage  .   (gloves unavailable)
Will     .....     NoTele   +   (boots unavailable)
Stlth    ..........             (no amulet)
HPRegen  1.34/turn              n - +2 ring of protection
MPRegen  0.13/turn              E - ring of protection from fire

@: afraid, mesmerised
A: large, unfitting armour, claws 3, regeneration 1, shaggy fur 1, tough skin 1
a: Renounce Religion, Heroism, Finesse


You were in the Dungeon.
You worshipped Okawaru.
Okawaru was exalted by your worship.
You visited 1 branch You collected 1934 gold pieces.
You spent 1716 gold pieces at shops.

Inventory:

Hand Weapons
 a - a +2 vorpal morningstar (weapon)
 F - the +6 dire flail of Bodily Harmony {drain, rPois rC+ Dex+2}
   (Okawaru gifted it to you in the Dungeon)

   A truly terrible weapon, it drains the life of those it strikes.
   It affects your dexterity (+2).
   It protects you from cold.
   It protects you from poison.
Missiles
 d - a curare-tipped dart
 q - 5 large rocks (quivered)
 z - 2 atropa-tipped darts
Armour
 b - +0 swamp dragon scales (worn)
 c - a +0 kite shield (worn)
 y - a +2 cloak of preservation (worn)
 B - a +0 hat of see invisible (worn)
Jewellery
 n - a +2 ring of protection (right claw)
 C - a ring of see invisible
 E - a ring of protection from fire (left claw)
 H - a +2 ring of protection
Wands
 l - a wand of iceblast (15)
Scrolls
 j - 6 scrolls of blinking
 k - 4 scrolls of amnesia
 m - a scroll of immolation
 u - 3 scrolls of fog
 v - 6 scrolls of identify
 w - 12 scrolls of enchant armour
 x - 6 scrolls of enchant weapon
 A - a scroll of magic mapping
Potions
 e - 7 potions of curing
 f - 14 potions of heal wounds
 g - 6 potions of haste
 h - 6 potions of magic
 i - 2 potions of invisibility
 o - a potion of mutation
 r - 3 potions of resistance
 s - 2 potions of might
 t - 2 potions of berserk rage


   Skills:
 + Level 14.0 Fighting
 + Level 17.9 Maces & Flails
 + Level 2.8 Throwing
 + Level 4.9 Armour
 + Level 14.1 Dodging
 + Level 12.6 Shields
 + Level 0.9 Invocations
 + Level 1.9 Evocations


You had 12 spell levels left.
You didn't know any spells.
Your spell library contained the following spells:

 Spells                   Type           Power      Damage    Failure   Level
 Sting                    Tmut/Pois      0%         1d3       61%         1
 Poisonous Vapours        Pois/Air       0%         N/A       75%         2
 Ignite Poison            Fire/Tmut/Pois 0%         N/A       93%         3
 Mephitic Cloud           Conj/Pois/Air  0%         N/A       93%         3
 Animate Armour           Summ/Erth      0%         N/A       100%        4
 Leda's Liquefaction      Hex/Erth       0%         N/A       100%        4
 Olgreb's Toxic Radiance  Pois           0%         N/A       100%        4
 Bolt of Magma            Conj/Fire/Erth 0%         4d4       100%        5
 Iron Shot                Conj/Erth      0%         9d1       100%        6
 Statue Form              Tmut/Erth      0%         N/A       100%        6
 Shatter                  Erth           0%         3d5*      100%        9


Dungeon Overview and Level Annotations

Branches:
Dungeon (1/1)

Altars:
Cheibriados
Dithmenos
Elyvilon
Fedhas
Gozag
Hepliaklqana
Kikubaaqudgha
Makhleb
Nemelex Xobeh
Okawaru
Qazlal
Ru
Sif Muna
Trog
Uskayaw
Vehumet
Wu Jian
Xom
Yredelemnul
Zin
The Shining One
Beogh
Jiyva
Lugonu

Shops:
D **:[

Annotations:
D Azrael


Innate Abilities, Weirdness & Mutations

You are too large for most types of armour.
You have claws for hands.
Your natural rate of healing is unusually fast.
You are covered in fur. (AC +1)
You have tough skin. (AC +1)


Message History

You feel much better.
The merfolk impaler hits you from afar with a +2 vorpal trident!
The merfolk impaler closely misses you.
The merfolk siren chants its luring song.
The satyr shoots a sling bullet.
The sling bullet barely misses you.
Throw: 5 large rocks
Press: ? - help, Q - select action, (/) - cycle Shift-Dir - straight line, f/p - satyr
Aim: a satyr, wielding a +0 fustibalus and quivering sling bullets (almost dead, inspiring fear, poisoned, 58% to hit)
Okay, then.
You barely miss the satyr.
The satyr is almost dead.
You block the merfolk impaler's attack.
You closely miss the satyr.
The satyr is almost dead.
The merfolk siren chants its luring song.
You block the merfolk impaler's attack.
The satyr shoots a sling bullet.
The sling bullet barely misses you.
You completely miss the satyr.
The satyr is almost dead.
The merfolk impaler hits you from afar with a +2 vorpal trident!
The merfolk siren chants its luring song.
The satyr shoots a sling bullet.
You block the sling bullet.
The merfolk impaler hits you from afar with a +2 vorpal trident!
* * * LOW HITPOINT WARNING * * *
x2 You attempt to attack the satyr, but flinch away in fear!
You block the merfolk impaler's attack.
You feel much better.
The satyr looks more healthy.
The merfolk siren chants its luring song.
The satyr shoots a sling bullet.
You block the sling bullet.
The merfolk impaler hits you from afar with a +2 vorpal trident.
You barely miss the satyr.
The satyr is almost dead.
The merfolk siren chants its luring song.
You block the merfolk impaler's attack.
The satyr plays a lulling melody on his pipes!
You fall asleep.
The merfolk impaler hits you from afar with a +2 vorpal trident!!!
You wake up.
* * * LOW HITPOINT WARNING * * *
You die...

▓▓▓▓▓▓▓ .....
▓▓▓▓▓.♣♣♣♣♣♣♣♣♣▓▓▓▓▓▓▓▓▓
.....'.........'@cmmE.mm
▓▓▓▓▓♣♣♣♣♣♣♣♣♣♣▓▓▓▓▓▓▓▓▓▓▓▓▓▓▓▓▓▓
............................†....
▓▓▓▓▓▓▓▓▓▓▓▓▓▓▓▓▓▓▓▓▓▓▓▓▓▓▓▓▓▓▓▓▓
))).[[=[[[[[..........'))........
▓▓▓▓▓▓▓▓▓▓▓▓▓▓▓▓▓▓▓▓▓▓▓▓▓▓▓▓▓▓▓▓▓
................................[
▓▓▓▓▓▓▓▓▓▓▓▓▓▓▓▓▓▓▓▓▓▓▓▓▓▓▓▓▓▓▓▓▓
.......)))))))......))))[)∩.∩)∩.∩


You could see a merfolk impaler, a satyr (scary), a merfolk, a water elemental,
a merfolk siren (mesmerising) and a water nymph.

Vanquished Creatures
  Gastronok (D)
  A ghost moth (D)
  A stone giant (D)
  An eleionoma (D)
  A rakshasa (D)
  A hydra (D)
  An ice dragon (D)
  A centaur warrior (D)
  Erica (D)
  An alligator (D)
  A deep troll earth mage (D)
  A flayed ghost (D)
  5 lindwurms (D)
  A necromancer (D)
  An orc knight (D)
  5 orc sorcerers (D)
  An ugly thing (D)
  3 wolf spiders (D)
  2 cyclopes (D)
  A will-o-the-wisp (D)
  2 elephants (D)
  2 black mambas (D)
  A merfolk siren (D)
  A demonic crawler (D)
  An efreet (D)
  6 komodo dragons (D)
  A troll (D)
  A tyrant leech (D)
  2 blink frogs (D)
  A slime creature (D)
  A snapping turtle (D)
  2 wraiths (D)
  A spriggan (D)
  3 tarantellas (D)
  A redback (D)
  13 yaks (D)
  2 basilisks (D)
  A fire elemental (D)
  A hell hound (D)
  An acid dragon (D)
  4 water moccasins (D)
  9 orc warriors (D)
  2 ogres (D)
  4 wolves (D)
  2 kobold brigands (D)
  4 bullfrogs (D)
  2 scorpions (D)
  2 quasits (D)
  2 hounds (D)
  2 jellies (D)
  4 orc priests (D)
  13 orc wizards (D)
  2 ufetubi (D)
  3 adder zombies (D)
  2 adder skeletons (D)
  3 worms (D)
  8 orcs (D)
  6 endoplasms (D)
  2 goblins (D)
  2 jackals (D)
  4 quokkas (D)
157 creatures vanquished.

Vanquished Creatures (others)
  A swamp dragon (D)
  A hornet (D)
  A bat zombie (D)
  6 foxfires (D)
9 creatures vanquished.

Grand Total: 166 creatures vanquished

Notes
Turn   | Place    | Note
-------+----------+-------------------------------------------
     0 | D        | mhtbhm the Troll Fighter began the quest for the Orb.
     0 | D        | Reached XP level 1. HP: 22/22 MP: 0/0
    14 | D        | Reached skill level 2 in Maces & Flails
    21 | D        | Noticed a jelly
    21 | D        | Noticed a hound
    24 | D        | Reached XP level 2. HP: 31/31 MP: 1/1
    26 | D        | Reached XP level 3. HP: 39/39 MP: 2/2
    56 | D        | Reached skill level 3 in Maces & Flails
    56 | D        | Reached XP level 4. HP: 38/48 MP: 3/3
    67 | D        | Found a snail-covered altar of Cheibriados.
    67 | D        | Found a shadowy altar of Dithmenos.
    67 | D        | Found a white marble altar of Elyvilon.
    67 | D        | Found a blossoming altar of Fedhas.
    67 | D        | Found an opulent altar of Gozag.
    68 | D        | Found a hazy altar of Hepliaklqana.
    69 | D        | Found a viscous altar of Jiyva.
    70 | D        | Found an ancient bone altar of Kikubaaqudgha.
    71 | D        | Found a corrupted altar of Lugonu.
    72 | D        | Found a burning altar of Makhleb.
    73 | D        | Found a sparkling altar of Nemelex Xobeh.
    74 | D        | Found an iron altar of Okawaru.
    75 | D        | Found a stormy altar of Qazlal.
    76 | D        | Found a sacrificial altar of Ru.
    77 | D        | Found a shimmering blue altar of Sif Muna.
    78 | D        | Found a bloodstained altar of Trog.
    79 | D        | Found a hide-covered altar of Uskayaw.
    80 | D        | Found a radiant altar of Vehumet.
    81 | D        | Found an ornate altar of the Wu Jian Council.
    82 | D        | Found a shimmering altar of Xom.
    83 | D        | Found a basalt altar of Yredelemnul.
    84 | D        | Found a glowing silver altar of Zin.
    85 | D        | Found a glowing golden altar of the Shining One.
    92 | D        | Became a worshipper of Warmaster Okawaru
   131 | D        | Noticed a yak
   131 | D        | Noticed a kobold brigand
   131 | D        | Noticed an ogre
   137 | D        | Killed a yak
   137 | D        | Reached * piety under Okawaru
   138 | D        | Reached skill level 5 in Maces & Flails
   138 | D        | Reached skill level 5 in Dodging
   138 | D        | Reached skill level 5 in Shields
   138 | D        | Reached XP level 5. HP: 14/55 MP: 4/4
   141 | D        | Reached skill level 5 in Fighting
   143 | D        | Reached skill level 6 in Maces & Flails
   143 | D        | Reached XP level 6. HP: 43/66 MP: 5/5
   148 | D        | Reached skill level 7 in Maces & Flails
   307 | D        | Noticed a wraith
   307 | D        | Noticed a cyclops
   338 | D        | Killed a wraith
   338 | D        | Reached ** piety under Okawaru
   339 | D        | Reached skill level 8 in Maces & Flails
   339 | D        | Reached XP level 7. HP: 56/74 MP: 6/6
   365 | D        | Killed a cyclops
   366 | D        | Reached skill level 9 in Maces & Flails
   366 | D        | Reached XP level 8. HP: 38/84 MP: 7/7
   550 | D        | Noticed a komodo dragon
   553 | D        | Noticed a komodo dragon
   555 | D        | Noticed an elephant
   564 | D        | Reached skill level 10 in Maces & Flails
   567 | D        | Killed a komodo dragon
   567 | D        | Reached *** piety under Okawaru
   652 | D        | Reached XP level 9. HP: 30/93 MP: 8/8
   657 | D        | Killed a komodo dragon
   657 | D        | Reached **** piety under Okawaru
   658 | D        | Reached skill level 11 in Maces & Flails
   663 | D        | Killed an elephant
   664 | D        | Reached skill level 10 in Dodging
   724 | D        | Noticed a komodo dragon
   731 | D        | Killed a komodo dragon
   731 | D        | Reached ***** piety under Okawaru
   732 | D        | Reached skill level 1 in Throwing
   988 | D        | Noticed a black mamba
   989 | D        | Reached skill level 12 in Maces & Flails
  1020 | D        | Killed a black mamba
  1024 | D        | Upgraded the game from 0.27-a0-732-ga892ba84f6 to
                  | 0.27-a0-765-ge4d627daa3
  1091 | D        | Noticed a komodo dragon
  1094 | D        | Noticed a komodo dragon
  1100 | D        | Reached XP level 10. HP: 85/107 MP: 9/9
  1100 | D        | Noticed an elephant
  1105 | D        | Received a gift from Okawaru
  1126 | D        | Reached skill level 13 in Maces & Flails
  1136 | D        | Killed an elephant
  1179 | D        | Noticed a black mamba
  1206 | D        | Killed a black mamba
  1206 | D        | Reached ****** piety under Okawaru
  1207 | D        | Reached skill level 10 in Fighting
  1413 | D        | Reached skill level 10 in Shields
  1441 | D        | Noticed a lindwurm
  1441 | D        | Noticed a lindwurm
  1441 | D        | Noticed a lindwurm
  1441 | D        | Noticed a lindwurm
  1451 | D        | Killed a lindwurm
  1451 | D        | Received a gift from Okawaru
  1452 | D        | Reached skill level 14 in Maces & Flails
  1455 | D        | Killed a lindwurm
  1456 | D        | Reached XP level 11. HP: 55/119 MP: 10/10
  1459 | D        | Killed a lindwurm
  1460 | D        | Noticed a lindwurm
  1468 | D        | Killed a lindwurm
  1477 | D        | Killed a lindwurm
  1679 | D        | Noticed an orc knight
  1777 | D        | Killed an orc knight
  1897 | D        | Noticed an orc sorcerer
  1903 | D        | Killed an orc sorcerer
  1909 | D        | Reached skill level 15 in Maces & Flails
  2012 | D        | Found Geovod's General Store.
  2012 | D        | Noticed an orc sorcerer
  2012 | D        | Noticed an orc sorcerer
  2013 | D        | Noticed an orc sorcerer
  2017 | D        | Killed an orc sorcerer
  2032 | D        | Paralysed by an orc sorcerer for 2 turns
  2039 | D        | Killed an orc sorcerer
  2040 | D        | Found Ughetsaa's General Store.
  2053 | D        | Killed an orc sorcerer
  2057 | D        | Found Hiatta Suco's Book Emporium.
  2066 | D        | Found Ytiynoge's Antique Armour Shoppe.
  2069 | D        | Noticed an orc sorcerer
  2085 | D        | Killed an orc sorcerer
  2235 | D        | Bought a scroll of immolation for 49 gold pieces
  2235 | D        | Bought a scroll of blinking for 105 gold pieces
  2237 | D        | Bought a potion of curing for 36 gold pieces
  2237 | D        | Bought 2 atropa-tipped darts for 14 gold pieces
  2237 | D        | Bought a scroll of magic mapping for 42 gold pieces
  2247 | D        | Bought a book of the Earth for 910 gold pieces
  2255 | D        | Bought a Young Poisoner's Handbook for 560 gold pieces
  2293 | D        | Noticed Gastronok
  2295 | D        | Noticed Erica
  2309 | D        | Killed Gastronok
  2309 | D        | Received a gift from Okawaru
  2310 | D        | Reached skill level 16 in Maces & Flails
  2320 | D        | Killed Erica
  2591 | D        | Noticed a centaur warrior
  2601 | D        | Reached XP level 12. HP: 126/132 MP: 11/11
  2604 | D        | Killed a centaur warrior
  2605 | D        | Noticed a five-headed hydra
  2608 | D        | Noticed a stone giant
  2622 | D        | Noticed a deep troll earth mage
  2622 | D        | Noticed a rakshasa
  2630 | D        | Killed a five-headed hydra
  2637 | D        | Reached skill level 1 in Armour
  2637 | D        | Noticed an ice dragon
  2643 | D        | Killed a stone giant
  2643 | D        | Identified the +6 dire flail of Bodily Harmony {drain,
                  | rPois rC+ Dex+2} (Okawaru gifted it to you in the Dungeon)
  2643 | D        | Received a gift from Okawaru
  2644 | D        | Reached skill level 17 in Maces & Flails
  2655 | D        | Killed a deep troll earth mage
  2656 | D        | Reached skill level 1 in Evocations
  2665 | D        | Killed a rakshasa
  2916 | D        | Killed an ice dragon
  3241 | D        | Noticed a ghost moth
  3260 | D        | Killed a ghost moth
  3260 | D        | Received a gift from Okawaru
  3321 | D        | Noticed an eleionoma
  3324 | D        | Noticed an alligator
  3326 | D        | Noticed Azrael
  3350 | D        | Killed an eleionoma
  4041 | D        | Found a glowing golden altar of the Shining One.
  4041 | D        | Found a glowing silver altar of Zin.
  4041 | D        | Found a basalt altar of Yredelemnul.
  4041 | D        | Found a shimmering altar of Xom.
  4041 | D        | Found an ornate altar of the Wu Jian Council.
  4041 | D        | Found a radiant altar of Vehumet.
  4042 | D        | Found a hide-covered altar of Uskayaw.
  4043 | D        | Found a bloodstained altar of Trog.
  4044 | D        | Found a shimmering blue altar of Sif Muna.
  4045 | D        | Found a sacrificial altar of Ru.
  4046 | D        | Found a stormy altar of Qazlal.
  4047 | D        | Found an iron altar of Okawaru.
  4048 | D        | Found a sparkling altar of Nemelex Xobeh.
  4049 | D        | Found a burning altar of Makhleb.
  4050 | D        | Found a corrupted altar of Lugonu.
  4051 | D        | Found an ancient bone altar of Kikubaaqudgha.
  4052 | D        | Found a viscous altar of Jiyva.
  4053 | D        | Found a hazy altar of Hepliaklqana.
  4054 | D        | Found an opulent altar of Gozag.
  4055 | D        | Found a blossoming altar of Fedhas.
  4056 | D        | Found a white marble altar of Elyvilon.
  4057 | D        | Found a shadowy altar of Dithmenos.
  4058 | D        | Found a snail-covered altar of Cheibriados.
  4614 | D        | Reached XP level 13. HP: 144/145 MP: 12/12
  4772 | D        | Noticed a merfolk impaler
  4793 | D        | Slain by a merfolk impaler

Illustrated notes

Levels and vault maps discovered:
D:        linesprint [early_d, line_temple, items_1, d_10, items_2, lair_1,
          lair_end, items_3, orc_1, orc_end, items_4, d_15, swamp_1, shoals_1,
          snake_1, spider_1, d_20, vaults_1, items_5, swamp_end, shoals_end,
          snake_end, spider_end, vaults_end, d_27, items_6, zot_1, zot_end,
          crypt_end, forest_end, elf_end, slime_end, tomb_end, abyss_end,
          pan_hell_end]

Skill      XL: |  1  2  3  4  5  6  7  8  9 10 11 12 13 |
---------------+----------------------------------------+-----
Maces & Flails | 2 3 5 6 8 9 10 12 14 16 17 | 17.9
Dodging        | 3 4 5 6 7 8 9 10 12 13 14 | 14.1
Fighting       | 3 4 5 6 7 9 10 12 13 14 | 14.0
Shields        | 3 4 5 6 7 8 9 10 11 12 | 12.6
Throwing       | 1 2 |  2.8
Armour         | 4 |  4.9
Evocations     | 1 |  1.9
Invocations    | |  0.9

Action                   |  1- 3 |  4- 6 |  7- 9 | 10-12 | 13-15 || total
-------------------------+-------+-------+-------+-------+-------++-------
Melee: Flail             |    44 |     5 |       |       |       ||    49
       Morningstar       |       |    32 |    91 |   535 |    29 ||   687
       Whip              |       |    18 |    31 |       |       ||    49
Throw: Dart              |       |       |     1 |     1 |     1 ||     3
       Large rock        |       |       |     2 |     2 |     3 ||     7
Invok: Heroism           |       |       |     1 |       |       ||     1
Evoke: Wand              |       |       |       |     5 |       ||     5
  Use: Potion            |     1 |     2 |     3 |     9 |     2 ||    17
       Scroll            |       |       |       |     1 |       ||     1
Armor: Robe              |    18 |    23 |    22 |    25 |       ||    88
       Swamp dragon scal |       |       |       |    54 |     3 ||    57
Dodge: Dodged            |    18 |    24 |    45 |   140 |    15 ||   242
Block: Kite shield       |    22 |    34 |    47 |   194 |    19 ||   316

Table legend: (Time is in decaauts)
 A = Elapsed time spent in this place.
 B = Non-inter-level travel time spent in this place.
 C = Inter-level travel time spent in this place.
 D = Time resting spent in this place.
 E = Time spent auto-exploring this place.
 F = Levels seen in this place.
 G = Mean time per level.
                   A        B        C        D        E       F      G
               +--------+--------+--------+--------+--------+-----+--------+
         Total |   4755 |   4755 |      0 |   1425 |   1311 |   1 | 4755.0 |
       Dungeon |   4755 |   4755 |      0 |   1425 |   1311 |   1 | 4755.0 |
               +--------+--------+--------+--------+--------+-----+--------+

Top non-repeatable levels by time:
       D: 4755 daAuts
